 Dungeon Crawl Stone Soup version 0.32-a0-918-g0f22ef8d61 (webtiles) character file.

Game seed: 4225495835052874859

2 Revguard the Covered (level 1, -2/14 HPs)
             Began as a Gargoyle Fighter on Apr 10, 2024.
             Slain by a gnoll
             ... wielding a +0 flail
              (5 damage)
             ... on level 1 of the Dungeon.
             The game lasted 00:00:16 (55 turns).

Revguard the Covered (Gargoyle Fighter)               Turns: 55, Time: 00:00:17

Health: -2/14      AC:  9    Str: 19    XL:     1   Next: 30%
Magic:  1/1        EV:  8    Int:  8    God:
Gold:   7          SH:  4    Dex:  9    Spells: 0/0 levels left

rFire   . . .        a - +0 long sword
rCold   . . .        c - +0 buckler
rNeg    + . .        b - +0 scale mail
rPois   ∞            (no helmet)
rElec   +            (no cloak)
rCorr   .            (no gloves)
SInv    .            (no boots)
Will    .....        (no amulet) Stlth
                     (no ring)
HPRegen 0.22/turn    (no ring)
MPRegen 0.07/turn

%: no passive effects
@: no status effects
A: sickness immunity, AC +2, negative energy resistance 1, electricity
resistance, torment resistance 1, petrification resistance
a: no special abilities


You were on level 1 of the Dungeon.
You visited 1 branch of the dungeon, and saw 1 of its levels.

You collected 7 gold pieces.

Inventory:

Hand Weapons
 a - a +0 long sword (weapon)
Armour
 b - a +0 scale mail (worn)
 c - a +0 buckler (worn)
Jewellery
 e - a ring of protection from cold
Potions
 d - a potion of might


   Skills:
 + Level 3.3 Fighting
 + Level 1.8 Long Blades
 + Level 3.3 Armour
 + Level 0.1 Dodging
 + Level 3.3 Shields
 + Level 0.0 Invocations
 + Level 0.0 Evocations


You couldn't memorise any spells.
You didn't know any spells.
Your spell library was empty.

Dungeon Overview and Level Annotations

Branches:
Dungeon (1/15)

Altars:


Innate Abilities, Weirdness & Mutations

You are immune to sickness and miasma.
Your stone body is resilient. (AC +2)
You are immune to poison.
You resist negative energy. (rN+)
You are resistant to electric shocks. (rElec)
You are resistant to unholy torment.
You are immune to petrification.


Message History

An endoplasm comes into view.
An endoplasm is nearby!
Found an onyx ring.
The endoplasm freezes you.
You are frozen.
You hit the endoplasm.
The endoplasm is almost dead.
The endoplasm freezes you.
You are frozen.
You hit the endoplasm but do no damage.
The endoplasm is almost dead.
The endoplasm freezes you.
You are frozen.
You hit the endoplasm.
You kill the endoplasm!
HP restored.
e - a ring of protection from cold A rat comes into view.
The rat squeaks loudly.
A rat is nearby!
A gnoll comes into view. It is wielding a +0 flail.
The gnoll shouts!
You hit the rat.
The rat is moderately wounded.
You hear a loud squeak.
The rat bites you but does no damage.
You slash the rat!
You kill the rat!
A rat comes into view.
Things that are here:
a ring of flight; a rat corpse You hit the gnoll.
The gnoll is moderately wounded.
The gnoll barely misses you. The gnoll hits you with a +0 flail!
Ouch! That really hurt!
* * * LOW HITPOINT WARNING * * *
You barely miss the gnoll.
The gnoll is moderately wounded.
The gnoll hits you with a +0 flail.
You die...

##### ...#
#######.#####.# ...
.........@gr..# ...
######....#........ ....
..........#........
#..######.....#........
♣~#.### ♣.............#
♣♣♣.♣.≈♣##.##...........
..........♣##..........#
..........♣ #........#.#
.#######..# #.######.


You could see a gnoll and a rat.

Vanquished Creatures
  An endoplasm (D:1)
  A rat (D:1)
2 creatures vanquished.

Notes
Turn   | Place    | Note
-------+----------+-------------------------------------------
     0 | D:1      | Revguard the Gargoyle Fighter began the quest for the Orb.
     0 | D:1      | Reached XP level 1. HP: 14/14 MP: 1/1
    55 | D:1      | Slain by a gnoll

Illustrated notes

Levels and vault maps discovered:
D:1:      saegor_arrival_under_anarchy, layout_basic, st_stairs_4

Action                     || total
---------------------------++-------
  Melee: Long sword        ||     7
 Armour: Scale mail        ||     3
  Dodge: Dodged            ||     1

Table legend: (Time is in decaauts)
 A = Elapsed time spent in this place.
 B = Non-inter-level travel time spent in this place.
 C = Inter-level travel time spent in this place.
 D = Time resting spent in this place.
 E = Time spent auto-exploring this place.
 F = Levels seen in this place.
 G = Mean time per level.
                   A        B        C        D        E       F      G
               +--------+--------+--------+--------+--------+-----+--------+
         Total |     57 |     57 |      0 |      0 |     39 |   1 |   57.0 |
       Dungeon |     57 |     57 |      0 |      0 |     39 |   1 |   57.0 |
               +--------+--------+--------+--------+--------+-----+--------+

Top non-repeatable levels by time:
     D:1: 57 daAuts
